 Dungeon Crawl Stone Soup version 0.17.1-3-g152610e (webtiles) character file.

215 Charly the Insei (level 5, 0/42 HPs)
             Began as a Naga Necromancer on May 3, 2016.
             Slain by an ogre
             ... wielding a +0 giant club
              (20 damage)
             ... on level 4 of the Dungeon.
             The game lasted 00:14:52 (688 turns).

Charly the Insei (Naga Necromancer)                  Turns: 688, Time: 00:14:53

Health: 0/42       AC:  7    Str: 10    XL:     5   Next: 92%
Magic:  2/2        EV: 10    Int: 17    God:
Gold:   123        SH:  0    Dex: 11    Spells: 4 memorised, 0 levels left

rFire  . . .     SeeInvis +     q - +8 Wrath of Trog {antimagic, *Rage}
rCold  . . .     Rnd*Rage +     o - +2 robe {Archmagi}
rNeg   . . .     SustAt   .     (shield currently unavailable)
rPois  +         Gourm    .     (no helmet)
rElec  .         Spirit   .     m - +2 cloak {+Inv}
rCorr  .         Warding  .     (no gloves)
rMut   .         Stasis   .     (no barding)
MR     +....                    (no amulet)
Stlth  ++........               (no ring)
                                i - ring of protection from magic

@: very slow, somewhat resistant to hostile enchantments, unstealthy
A: see invisible, deformed body, poison resistance, slowness 2, slow metabolism
1, spit poison 2, AC +1
a: Spit Poison, Evoke Invisibility


You were on level 4 of the Dungeon.
You were not hungry.

You visited 1 branch of the dungeon, and saw 4 of its levels.

You collected 123 gold pieces.

Inventory:

Hand Weapons
 h - a +1 dagger of electrocution
 q - the +8 Wrath of Trog (weapon) {antimagic, *Rage}
   (You found it on level 4 of the Dungeon)

   It disrupts the flow of magical energy around spellcasters and certain
   magical creatures (including the wielder).
   It may make you go berserk in combat.
Armour
 a - a +0 robe
 e - a cursed +0 ring mail
 m - a +2 cloak of invisibility (worn)
 o - a +2 robe of the Archmagi (worn)
Jewellery
 i - a ring of protection from magic (left hand)
Scrolls
 g - a scroll of enchant armour
 k - a scroll of amnesia
 p - a scroll of recharging
Potions
 d - a potion of agility {unknown}
 j - a potion of mutation {unknown}
 l - a potion of magic
 n - 2 potions of flight
 r - a potion of resistance {unknown}
Books
 b - a book of Necromancy

   Spells                             Type                      Level
   a - Pain                           Necromancy                   1
   b - Animate Skeleton               Necromancy                   1
   c - Vampiric Draining              Necromancy                   3
   d - Regeneration                   Charms/Necromancy            3
   e - Animate Dead                   Necromancy                   4
   f - Control Undead                 Necromancy                   4
Comestibles
 c - a bread ration
 f - 2 meat rations


   Skills:
 + Level 0.0 Fighting
 - Level 1.5 Dodging
 - Level 3.0 Stealth
 + Level 5.5 Unarmed Combat
 - Level 2.0 Spellcasting
 - Level 4.0 Necromancy
 + Level 0.0 Evocations


You couldn't memorise any spells.
You knew the following spells:

 Your Spells              Type           Power        Failure   Level  Hunger
a - Animate Skeleton      Necr           N/A          3%          1    #......
p - Pain                  Necr           ###.         3%          1    #......
r - Regeneration          Chrm/Necr      ##........   24%         3    ###....
v - Vampiric Draining     Necr           ###.......   12%         3    ###....


Dungeon Overview and Level Annotations

Branches:
Dungeon (4/15)
 Temple: D:4-7

Altars:

Annotations:
D:3 Terence


Innate Abilities, Weirdness & Mutations

You cannot wear boots.
Your serpentine skin is tough (AC +1).
You have supernaturally acute eyesight.
Armour fits poorly on your strangely shaped body.
Your system is resistant to poisons.
You cover ground very slowly.
You have a slow metabolism.
You can spit poison.


Message History

A giant gecko comes into view.
There is a stone staircase leading up here.
You climb upwards.
Level annotation: Terence
Found a glowing yellow potion.
Found an escape hatch in the ceiling.
There is a stone staircase leading down here.
A goblin comes into view. It is wielding a dagger.
You see here a glowing yellow potion.
r - a glowing yellow potion
There is a stone staircase leading down here.
You climb downwards.
There is a stone staircase leading up here.
A centaur skeleton comes into view.
The ogre hits you with a giant club!!
Ouch! That really hurt!
The ogre misses you.
You slash the ogre!
The ogre is heavily wounded.
The ogre hits you with a giant club!!
You die...

###########.####<# #
^.................. .
########............#
#.##.#######.#
#.##.#...#...
########.##.#.#.#.#####
.......................
#######.....#..<#O#.#...
#.....#...@...Z...
#.....#.#.#.#.....
#.....#....... ...
##+##.######### . #..
#### #### ...# ##.# <#.#


You could see an ogre and a centaur skeleton.

Vanquished Creatures
  Duvessa (D:4)
  Dowan (D:4)
  A worker ant (D:4)
  A worm (D:2)
  3 giant cockroaches
  3 hobgoblins
  5 kobolds
  A quokka (D:4)
  8 bats
  A giant newt (D:3)
  2 goblins
  4 jackals (D:1)
  A rat (D:1)
32 creatures vanquished.

Notes
Turn   | Place    | Note
--------------------------------------------------------------
     0 | D:1      | Charly the Naga Necromancer began the quest for the Orb.
     0 | D:1      | Reached XP level 1. HP: 15/15 MP: 3/3
    36 | D:1      | Reached skill level 1 in Unarmed Combat
   108 | D:1      | Reached XP level 2. HP: 22/22 MP: 5/5
   284 | D:3      | Noticed Terence
   287 | D:3      | Reached XP level 3. HP: 26/28 MP: 6/6
   314 | D:3      | Learned a level 3 spell: Regeneration
   436 | D:2      | cloa invi
   503 | D:4      | Noticed Duvessa
   503 | D:4      | Noticed Dowan
   516 | D:4      | Reached XP level 4. HP: 12/36 MP: 5/7
   520 | D:4      | Killed Duvessa
   520 | D:4      | Reached XP level 5. HP: 14/42 MP: 5/8
   525 | D:4      | Killed Dowan
   525 | D:4      | Reached skill level 5 in Unarmed Combat
   547 | D:4      | Learned a level 1 spell: Animate Skeleton
   552 | D:4      | Learned a level 3 spell: Vampiric Draining
   675 | D:4      | Noticed an ogre
   688 | D:4      | Slain by an ogre

Action                   |  1- 3 |  4- 6 || total
-------------------------+-------+-------++-------
Melee: Unarmed           |     7 |       ||     7
       Dagger            |    12 |     8 ||    20
       Battleaxe         |       |     1 ||     1
 Cast: Pain              |    21 |       ||    21
       Regeneration      |       |     3 ||     3
 Abil: Spit Poison       |    32 |     1 ||    33
       Evoke Invisibilit |     1 |       ||     1
  Use: Scroll            |    10 |     2 ||    12
 Stab: Invisible         |     2 |     1 ||     3
  Eat: Chunk             |       |     2 ||     2
       Beef jerky        |       |     1 ||     1
